 Dungeon Crawl Stone Soup version 0.18.1-50-g88ac8fd (webtiles) character file.

1946 Gargoyl the Covered (level 8, 0/65 HPs)
             Began as a Demonspawn Abyssal Knight on Sept 29, 2016.
             Was a High Priest of Lugonu.
             Slain by an orc warrior
             ... wielding a +0 trident
              (18 damage)
             ... on level 6 of the Dungeon.
             The game lasted 00:19:48 (8625 turns).

Gargoyl the Covered (Demonspawn Abyssal Knight)     Turns: 8625, Time: 00:19:49

Health: 0/65       AC: 11    Str: 20    XL:     8   Next: 98%
Magic:  10/10      EV: 12    Int: 13    God:    Lugonu [*****.]
Gold:   353        SH:  0    Dex: 16    Spells: 0 memorised, 7 levels left

rFire  . . .     SeeInvis .     a - +2 hand axe
rCold  . . .     Gourm    .     n - +1 chain mail
rNeg   . . .     Faith    .     (no shield)
rPois  +         Spirit   .     (no helmet)
rElec  .         Dismiss  .     (no cloak)
rCorr  .         Reflect  .     (no gloves)
SustAt .         Harm     .     (no boots)
MR     .....                    D - amulet of regeneration
Stlth  ..........               t - ring of poison resistance
                                x - +3 ring of dexterity

@: mighty, not resistant to hostile enchantments, extremely unstealthy
A: hooves 2, repulsion field 1, demonic guardian 1, powered by pain 1
a: Depart the Abyss, Bend Space, Banish, Corrupt, Enter the Abyss, Renounce
Religion


You were on level 6 of the Dungeon.
You worshipped Lugonu.
Lugonu was extremely pleased with you.
You were not hungry.

You visited 1 branch of the dungeon, and saw 7 of its levels.
You visited the Abyss 1 time.
You also visited: Sewer and Ossuary.

You collected 353 gold pieces.

Inventory:

Hand Weapons
 a - a +2 hand axe (weapon)
Armour
 n - a +1 chain mail (worn)
Jewellery
 t - a ring of poison resistance (right hand)
 x - a +3 ring of dexterity (left hand)
 D - an amulet of regeneration (around neck)
Wands
 g - a wand of iceblast (4/15)
 w - a wand of slowing (25/48)
Scrolls
 b - 5 scrolls of remove curse
 d - 6 scrolls of identify
 j - 2 scrolls of enchant armour
 k - 2 scrolls of blinking
 y - a scroll of fear
 B - a scroll of amnesia
 C - a scroll of magic mapping
 F - 2 scrolls of fog
Potions
 e - 2 potions of flight {unknown}
 f - a potion of degeneration {unknown}
 i - 2 potions of heal wounds
 l - a potion of brilliance {unknown}
 m - a potion of curing
 p - 2 potions of haste {unknown}
 q - 2 potions of berserk rage {unknown}
 v - 3 potions of mutation {unknown}
 z - 2 potions of ambrosia {unknown}
 G - a potion of magic {unknown}
Books
 r - a Young Poisoner's Handbook

   Spells                             Type                      Level
   a - Sting                          Conjuration/Poison           1
   b - Cure Poison                    Poison                       2
   c - Mephitic Cloud                 Conjuration/Poison/Air       3
   d - Olgreb's Toxic Radiance        Poison                       4
   e - Venom Bolt                     Conjuration/Poison           5
 s - a book of Spatial Translocations

   Spells                             Type                      Level
   a - Apportation                    Translocation                1
   b - Blink                          Translocation                2
   c - Shroud of Golubria             Charms/Translocation         2
   d - Portal Projectile              Translocation                3
   e - Teleport Other                 Translocation                3
   f - Passage of Golubria            Translocation                4
Comestibles
 c - 3 bread rations
 h - 3 beef jerkies
 o - a royal jelly
 u - a meat ration
 A - 2 fruits
 E - 2 chunks of flesh


   Skills:
 + Level 6.5 Fighting
 + Level 5.3 Axes
 + Level 6.6 Armour
 + Level 3.9 Dodging
 + Level 0.8 Stealth
 + Level 2.7 Invocations


You had 7 spell levels left.
You didn't know any spells.

Dungeon Overview and Level Annotations

Branches:
Dungeon (7/15)             Temple (0/1) D:6

Altars:
Ashenzari
Cheibriados
Dithmenos
Fedhas
Kikubaaqudgha
Makhleb
Okawaru
Pakellas
Ru
Sif Muna
Xom
The Shining One


Innate Abilities, Weirdness & Mutations

You have hoof-like feet.
You are surrounded by a mild repulsion field (EV +2).
A weak demonic guardian rushes to your aid.
You sometimes gain a little power by taking damage.


Message History

Items here: )) [[ † a leather armour; a short sword; a chain mail; a scimitar; an orc corpse You slash the orc warrior!
The orc warrior is moderately wounded.
You hit the orc.
The orc is moderately wounded.
The orc warrior hits you with a trident!
The orc hits you with a quarterstaff.
* * * LOW HITPOINT WARNING * * *
Your white imp gestures at the orc warrior.
The puff of frost hits the orc warrior.
You catch the helpless orc warrior momentarily off-guard.
You hit the orc warrior but do no damage.
You kick the orc warrior, but do no damage.
The orc warrior is severely wounded.
You slash the orc!
You kill the orc!
Lugonu accepts your kill.
The orc warrior hits you with a trident!!
You die...

#.##.#.#.#.# #.
#.##.#.....# #.
#.##.###.#.# #.
#.##.# #.#.# #.
#.##.# #.#.# #.
#.##.###.#.# ##.
#5##.......#####.#
#o######........##
#@########.#####.#
#))........# ##.
############ ##


You could see an orc warrior and a friendly white imp.

Vanquished Creatures
  Grinder (D:5)
  The ghost of freekh the Grave Robber, an amateur VSNe of Okawaru (D:3)
  An orc warrior (D:6)
  4 ogres
  A phantom (D:6)
  A scorpion (D:7)
  4 howler monkeys (D:6)
  5 centaur zombies
  2 crimson imps
  A centaur skeleton (D:4)
  6 hounds
  An orc wizard (D:4)
  2 giant frog skeletons
  2 iguanas
  3 worker ants
  A hound skeleton (D:3)
  A worker ant zombie (D:3)
  A howler monkey skeleton (D:5)
  12 adders
  2 shadow imps (D:5)
  An ooze (D:4)
  An adder zombie (D:3)
  2 adder skeletons (D:3)
  5 worms
  A dart slug (D:2)
  3 giant geckos
  8 orcs
  8 giant cockroaches
  7 goblins
  7 hobgoblins
  9 jackals
  15 kobolds
  2 quokkas
  7 ball pythons
  10 bats
  10 giant newts
  A goblin zombie (D:5)
  3 jackal zombies
  A quokka skeleton (D:3)
  7 rats
  A plant (Sewer)
161 creatures vanquished.

Vanquished Creatures (collateral kills)
  A bog body (Ossuary)
  A centaur skeleton (D:3)
  A worker ant (D:2)
  A mummy (Ossuary)
  4 adders
  An adder skeleton (D:3)
  An orc (D:4)
  A goblin (D:2)
  A quokka (D:5)
12 creatures vanquished.

Vanquished Creatures (others)
  A plant (Sewer)
  4 withered plants (Ossuary)
5 creatures vanquished.

Grand Total: 178 creatures vanquished

Notes
Turn   | Place    | Note
--------------------------------------------------------------
     0 | Abyss:1  | Gargoyl the Demonspawn Abyssal Knight began the quest for the Orb.
     0 | Abyss:1  | Reached XP level 1. HP: 18/18 MP: 2/2
    61 | Abyss:2  | Noticed a raiju
    61 | D:1      | Escaped the Abyss
   371 | D:1      | Gained mutation: A weak demonic guardian rushes to your aid. [demonic ancestry]
   371 | D:1      | Reached XP level 2. HP: 16/24 MP: 4/4
   520 | D:1      | Reached * piety under Lugonu
   791 | D:1      | Reached skill level 1 in Dodging
   874 | D:2      | Reached XP level 3. HP: 30/30 MP: 5/5
   895 | D:2      | Found an iron altar of Okawaru.
   950 | D:2      | Found a faded altar to an unknown god.
   978 | D:2      | Found a shadowy altar of Dithmenos.
   983 | D:2      | Found a shattered altar of Ashenzari.
  1569 | D:2      | Gained mutation: You sometimes gain a little power by taking damage. [demonic ancestry]
  1569 | D:2      | Reached XP level 4. HP: 32/37 MP: 6/6
  1613 | D:2      | Found a blossoming altar of Fedhas.
  1613 | D:2      | Found an ancient bone altar of Kikubaaqudgha.
  1711 | D:2      | Found a sacrificial altar of Ru.
  1711 | D:2      | Found a snail-covered altar of Cheibriados.
  1711 | D:2      | Found a glowing golden altar of the Shining One.
  1711 | D:2      | Found a deep blue altar of Sif Muna.
  1815 | D:2      | Reached ** piety under Lugonu
  2615 | D:3      | Reached XP level 5. HP: 39/42 MP: 7/7
  2702 | D:3      | Found a glowing drain.
  2723 | Sewer    | Entered a sewer
  3206 | Sewer    | Reached *** piety under Lugonu
  4440 | D:3      | Gained mutation: You have large cloven feet. [demonic ancestry]
  4440 | D:3      | Reached XP level 6. HP: 39/49 MP: 8/8
  4666 | D:3      | Noticed freekh's ghost (amateur VSNe)
  4694 | D:3      | Killed freekh's ghost
  4957 | D:4      | Reached skill level 5 in Fighting
  5043 | D:4      | Found an oddly glowing altar of Pakellas.
  5163 | D:4      | Gained mutation: You have hoof-like feet. [demonic ancestry]
  5163 | D:4      | Reached XP level 7. HP: 30/56 MP: 9/9
  5752 | D:5      | Entered Level 5 of the Dungeon
  5840 | D:5      | Reached **** piety under Lugonu
  6265 | D:5      | Found a burning altar of Makhleb.
  6328 | D:5      | Found a sand-covered staircase.
  6339 | Ossuary  | Entered an ossuary
  6652 | D:5      | Reached skill level 5 in Armour
  6826 | D:5      | Gained mutation: You are surrounded by a mild repulsion field (EV +2). [demonic ancestry]
  6826 | D:5      | Reached XP level 8. HP: 60/64 MP: 10/10
  6914 | D:5      | Noticed Grinder
  6926 | D:5      | Paralysed by Grinder for 4 turns
  6974 | D:5      | Paralysed by Grinder for 3 turns
  6989 | D:5      | Killed Grinder
  7640 | D:6      | Found a shimmering altar of Xom.
  7984 | D:6      | Found a staircase to the Ecumenical Temple.
  8362 | D:7      | Reached skill level 5 in Axes
  8510 | D:6      | Reached ***** piety under Lugonu
  8625 | D:6      | Slain by an orc warrior

Skill      XL: |  1  2  3  4  5  6  7  8 |
---------------+-------------------------+-----
Armour         | 2 3 4 5 6 |  6.6
Dodging        | 1 2 3 |  3.9
Axes           | 2 3 4 5 |  5.3
Fighting       | 4 5 6 |  6.5
Stealth        | |  0.8
Invocations    | |  2.7

Action                   |  1- 3 |  4- 6 |  7- 9 || total
-------------------------+-------+-------+-------++-------
Melee: Hand axe          |   139 |   443 |   393 ||   975
       Kick              |       |    25 |   139 ||   164
Invok: Depart the Abyss  |     1 |       |       ||     1
Evoke: Wand              |       |       |     1 ||     1
  Use: Scroll            |       |    10 |     7 ||    17
       Potion            |       |     2 |     4 ||     6
 Stab: Distracted        |       |       |     2 ||     2
  Eat: Chunk             |     2 |     9 |    12 ||    23
       Bread ration      |       |     1 |       ||     1
Armor: Leather armour    |    29 |       |       ||    29
       Chain mail        |    76 |   317 |   224 ||   617
Dodge: Dodged            |    66 |   147 |   204 ||   417
